Map: Odyssey LE

Players

FireZerg - Winner!

  • Race: Zerg Zerg
  • Spawn Location: 11:00

SHlTMAPS

  • Race: Zerg Zerg
  • League: Master
  • Spawn Location: 5:00

Event: HopeTL

VOD

https://www.youtube.com/watch?v=fIOJgj8wW98&list=PL9QsjkBYtQM7NVZEDVfaNugqO61aBOlm6

Description

Time

  • Played on: Sept. 20, 2017, 6:51 p.m.
  • Length: 7:08
Show
View Real Time Build Order
Export as new Build Order

FireZerg Zerg - Winner!

Build Orders: Hatch First, Zergling Baneling 

Get SALT Encoding   

  12  0:01  Drone  
  13  0:12  Overlord  
  13  0:16  Drone  
  14  0:30  Drone x2  
  14  0:34  Drone  
  17  0:51  Hatchery  
  17  0:54  Drone  
  17  0:58  Drone  
  18  1:05  Extractor  
  17  1:13  Spawning Pool  
  17  1:17  Drone  
  17  1:19  Drone  
  18  1:28  Drone  
  19  1:40  Overlord  
  19  2:00  Queen  
  19  2:01  Zergling x4  
  23  2:02  Queen  
  23  2:03  Zergling x2  
  23  2:07  Metabolic Boost  
  26  2:11  Drone  
  26  2:13  Drone  
  28  2:22  Drone  
  29  2:24  Drone  
  29  2:27  Baneling Nest  
  29  2:32  Drone  
  29  2:35  Drone  
  31  2:49  Drone x2  
  33  2:59  Hatchery  
  33  3:00  Overlord  
  33  3:04  Overlord  
  32  3:10  Zergling x2  
  32  3:11  Zergling x2  
  35  3:20  Baneling x4  
  35  3:24  Zergling x12  
  41  3:28  Baneling  
  41  3:34  Zergling x4  
  41  3:42  Baneling  
  41  3:47  Zergling x2  
  41  3:48  Zergling x2  
  43  3:53  Zergling x2  
  42  3:55  Queen x2  
  44  4:07  Zergling x2  
  44  4:08  Zergling x4  
  43  4:31  Zergling x8  
  45  4:37  Hatchery  
  43  4:41  Zergling x8  
  43  4:45  Baneling x3  
  47  4:46  Baneling  
  47  4:47  Baneling  
  47  4:49  Zergling x2  
  46  5:09  Drone x5  
  49  5:17  Overlord  
  43  5:31  Zergling x12  
  43  5:34  Baneling x6  
  47  5:47  Zergling x8  
  49  5:51  Zergling x4  
  50  5:59  Zergling x8  
  54  6:08  Zergling x2  
  54  6:09  Zergling x8  
  58  6:14  Roach Warren  
  58  6:16  Zergling x2  
  58  6:17  Zergling x4  
  59  6:25  Zergling x4  
  53  6:33  Zergling x4  
  53  6:34  Zergling x8  
  54  6:45  Zergling x2  
  54  6:46  Zergling x8  
Show
View Real Time Build Order
Export as new Build Order

SHlTMAPS Zerg 

Build Orders: Pool First, Zergling Baneling 

Get SALT Encoding   

  12  0:01  Drone  
  13  0:12  Overlord  
  13  0:21  Drone  
  14  0:30  Drone x2  
  14  0:34  Drone  
  17  0:40  Extractor  
  16  0:47  Spawning Pool  
  15  0:50  Drone  
  15  0:56  Drone  
  17  1:06  Drone  
  18  1:22  Hatchery  
  17  1:33  Queen  
  19  1:42  Metabolic Boost  
  19  1:50  Overlord  
  19  1:54  Zergling x2  
  19  1:56  Zergling x2  
  21  2:02  Zergling x2  
  21  2:08  Baneling Nest  
  21  2:16  Zergling x2  
  22  2:28  Zergling x2  
  23  2:30  Queen  
  23  2:36  Zergling x4  
  27  2:47  Zergling x6  
  30  3:02  Baneling x2  
  30  3:04  Zergling x8  
  34  3:12  Zergling x2  
  35  3:19  Baneling  
  35  3:21  Baneling  
  31  3:54  Zergling x2  
  31  3:55  Zergling x16  
  32  4:10  Zergling x4  
  32  4:13  Baneling x2  
  32  4:16  Baneling x2  
  34  4:17  Zergling x2  
  34  4:18  Zergling x2  
  33  4:37  Zergling x4  
  33  4:38  Baneling x2  
  29  4:41  Zergling x4  
  29  4:42  Zergling x2  
  29  4:43  Zergling x4  
  34  4:54  Zergling x2  
  33  5:07  Zergling x10  
  31  5:12  Baneling  
  31  5:13  Zergling x2  
  35  5:16  Baneling x2  
  33  5:32  Baneling  
  33  5:33  Baneling  
  33  5:35  Zergling x6  
  35  5:49  Zergling x8  
  29  6:13  Baneling x2  
  27  6:19  Zergling x6  
  27  6:20  Zergling x10  
  27  6:24  Baneling x2  
  30  6:34  Zergling x2  
  30  6:35  Zergling x2  
  28  6:50  Zergling x2  
  28  6:51  Zergling x8  
Tags
 
Add a new tag
Caveats
  • Supply blocks, unpowered buildings, or Contaminate may cause inaccurate times.
  • Supply counts are checked every 10 seconds.